[Event "26th Hit Open-A 2022"]
[Site "Nova Gorica"]
[Date "2022.09.20"]
[Round "7.17"]
[White "Guid, Matej"]
[Black "Debevec, Blaz"]
[Result "1/2-1/2"]
[ECO "C24"]
[WhiteElo "2292"]
[BlackElo "2056"]
[Annotator "TA"]
[PlyCount "60"]
[EventDate "2022.09.16"]
[EventType "swiss"]
[EventCountry "SLO"]
[SourceTitle "playchess.com"]
[Source "ChessBase"]
[SourceQuality "1"]
[TimeControl "5400+30"]

1. e4 e5 2. Bc4 Nf6 3. d3 c6 4. Nf3 d5 5. Bb3 Bd6 6. Nc3 dxe4 7. Ng5 O-O 8. Ncxe4 Nxe4 9. Nxe4 Bf5 10. Qf3 $1 {[%emt 0:03:39] 10.Qf3 is better than 10.0-0. C24: Bishop's Opening: 2...Nf6.} Bxe4 11. dxe4 Nd7 12. c3 {[%emt 0:03:09] The position is equal.} (12. O-O {is more complex.} Nc5 13. Rd1 Qe7 14. Be3) 12... Nc5 13. Bc2 a5 14. O-O Qe7 {[%emt 0:01:00] [#]} 15. g3 $146 ({Predecessor:} 15. Be3 Rfd8 16. g3 Ne6 17. Rad1 Bc5 18. Bc1 Rxd1 19. Rxd1 Rd8 20. Rf1 Ba7 21. h4 {1-0 (48) Kovalev,V (2703)-Kacharava,N (2424) Skopje 2019}) 15... a4 16. Qe2 Rfe8 17. Kg2 b5 18. Be3 Rad8 19. Rfd1 Bc7 20. c4 {[%emt 0:00:54] [#] Hoping for Rxd8.} b4 21. Bxc5 Qxc5 22. Bxa4 Bb6 23. Rac1 g6 24. Rc2 Rxd1 25. Qxd1 Rd8 26. Qf3 Kg7 27. a3 Ba5 28. axb4 Bxb4 29. Re2 Rd6 ({Much less strong is} 29... Qxc4 30. Bb3 Qd4 31. Qxf7+ Kh6 32. Qc4 $16) 30. b3 Qd4 {[%emt 0:07:11] Weighted Error Value: White=0.08 (flawless) /Black=0.05 (flawless)} (30... Bd2 $5 ) 1/2-1/2

[Event "26th Hit Open-A 2022"]
[Site "Nova Gorica"]
[Date "2022.09.20"]
[Round "7.18"]
[White "Charaus, Florian"]
[Black "Lavrencic, Matic"]
[Result "0-1"]
[ECO "E48"]
[WhiteElo "1993"]
[BlackElo "2274"]
[Annotator "TA"]
[PlyCount "94"]
[EventDate "2022.09.16"]
[EventType "swiss"]
[EventCountry "SLO"]
[SourceTitle "playchess.com"]
[Source "ChessBase"]
[SourceQuality "1"]
[TimeControl "5400+30"]

1. d4 Nf6 2. c4 e6 3. Nc3 Bb4 4. e3 O-O 5. Bd3 d5 6. cxd5 exd5 7. a3 {[%emt 0:00:11] E48: Nimzo-Indian: Rubinstein: 5 Bd3 d5 including 6 Ne2, but excluding 6 a3.} Bd6 8. Qc2 c6 9. Nge2 {[%emt 0:00:36] The position is equal.} b6 10. O-O Re8 11. Ng3 Ba6 {[%emt 0:05:38] [#]} 12. Bd2 $146 ({Predecessor:} 12. Nf5 Bf8 13. f3 Bxd3 14. Qxd3 g6 15. Ng3 Nbd7 16. b3 {0-1 (34) Boehme,H-Petzold,V freechess.de 2019}) 12... Bxd3 13. Qxd3 Nbd7 14. Rac1 Bf8 15. Rfd1 Qc8 16. e4 dxe4 17. Ngxe4 Nxe4 18. Nxe4 Qb7 19. Qf3 h6 {[%emt 0:10:38] Prevents Ng5.} 20. Bf4 Rac8 21. Bd6 {[%emt 0:06:02] [#]} (21. Re1 $11) 21... Rxe4 $1 $15 22. Bxf8 Nf6 23. Bd6 Re6 24. Bf4 Rce8 25. Bd2 Qd7 26. Bc3 Nd5 {[%emt 0:00:32] Threatens to win with ...Rf6.} 27. h3 (27. g3 $15) 27... Qd6 {[%emt 0:06:25] Black is more active.} (27... Rf6 $1 $17 28. Qg4 Qxg4 29. hxg4 Re2) 28. Re1 Rxe1+ 29. Rxe1 Rxe1+ 30. Bxe1 {[%emt 0:00:04][%mdl 4096] Endgame KQB-KQN} a5 31. Qe4 Qd7 {[%emt 0:00:28] Inhibits Qe8+.} 32. Bd2 a4 33. f3 b5 34. Kf2 f5 35. Qe5 Kf7 36. g4 fxg4 37. hxg4 Nf6 38. g5 hxg5 39. Bxg5 Nd5 40. f4 $2 {[%emt 0:06:52] [#] This move loses the game for White.} (40. Kg3 $11) 40... Nb6 $1 $19 41. Qe3 {[%emt 0:05:09] [#]} (41. Qe2 {was called for.}) 41... Nc4 $1 42. Qc3 Qd5 43. Kg3 Nd6 {[%emt 0:01:27] Strongly threatening ...Ne4+.} 44. Qa5 $2 (44. Qd3) 44... Nf5+ 45. Kg4 (45. Kf2 $19 Qxd4+ 46. Kf3 Qe3+ 47. Kg2 Qe4+ 48. Kf2) 45... Qg2+ {[%emt 0:00:57] Black mates.} 46. Kxf5 g6+ 47. Ke5 Qd5# {[%emt 0:00:05] Weighted Error Value: White=0.46/Black=0.09 (flawless)} 0-1

[Event "26th Hit Open-A 2022"]
[Site "Nova Gorica"]
[Date "2022.09.20"]
[Round "7.19"]
[White "Stevanic, David"]
[Black "Verbin, Valentina"]
[Result "1-0"]
[ECO "B22"]
[WhiteElo "2261"]
[BlackElo "2049"]
[Annotator "TA"]
[PlyCount "139"]
[EventDate "2022.09.16"]
[EventType "swiss"]
[EventCountry "SLO"]
[SourceTitle "playchess.com"]
[Source "ChessBase"]
[SourceQuality "1"]
[TimeControl "5400+30"]

1. e4 c5 2. c3 Nf6 3. e5 Nd5 4. Bc4 Nb6 5. Bb3 d6 6. exd6 {[%emt 0:00:27] B22: Sicilian: 2 c3.} Qxd6 7. Na3 {[%emt 0:01:48] seems to push 7.Nf3 aside.} a6 8. Ne2 {[%emt 0:04:59] The position is equal.} Nc6 9. O-O {[%emt 0:02:14] [#]} Be6 $146 ({Predecessor:} 9... e6 10. d4 cxd4 11. cxd4 Be7 12. Bf4 Qd8 13. Rc1 O-O 14. Nc4 Nxc4 15. Bxc4 Nb4 {1-0 (47) Shevchenko,K (2592)-Albornoz Cabrera,C (2573) Chess.com INT 2020}) 10. d4 cxd4 11. Bxe6 Qxe6 12. Nxd4 Nxd4 13. Qxd4 Rd8 14. Qb4 Qc6 15. Nc2 e6 16. Qg4 h5 17. Qe2 Qc4 (17... Be7 {with more complications.} 18. Be3 Qe4 19. Rae1 Nd5) 18. Qxc4 Nxc4 19. b3 Ne5 20. Be3 Bd6 21. h3 Ke7 22. c4 Nc6 23. Bb6 {[%emt 0:02:40] [#] Threatens to win with c5.} Rd7 24. Rfd1 Bc7 25. Bc5+ Bd6 26. Bb6 Bc7 27. Rxd7+ Kxd7 28. Be3 Be5 29. Rb1 a5 30. f4 Bc3 31. Bb6 Ra8 32. a3 {[%emt 0:01:40] Inhibits Nb4.} Ra6 33. Rd1+ Kc8 (33... Ke8 $11 34. Bc7 Bf6) 34. Bc5 (34. c5 $1 $14) 34... b6 $11 35. Be3 Kc7 36. g4 hxg4 37. hxg4 Ra8 38. Kf2 Rh8 {[%emt 0:00:40] aiming for ...Rh2+.} 39. Kg3 {[%emt 0:00:23] Inhibits Rh2.} Ra8 40. f5 exf5 41. gxf5 Be5+ 42. Kf3 Rh8 43. Rd5 Rh2 44. Ne1 Ra2 45. Nd3 f6 46. a4 Ra3 (46... Rh2 {is more complex.} 47. Nf4 Ne7 48. Rb5 Nxf5 49. Bxb6+ Kc6) 47. Rb5 {[%emt 0:01:16] Black must now prevent Ke4.} Bd4 48. Nf4 (48. Bf4+ $16 Kc8 49. Ke4) 48... Bxe3 (48... Ne5+ $11 {keeps the balance.} 49. Ke4 Bxe3 50. Kxe3 Kc6) 49. Nd5+ Kd8 (49... Kd7 $16 50. Kxe3 Ra1) 50. Kxe3 $18 {[%emt 0:00:14][%mdl 4096] Endgame KRN-KRN} Nb4 51. Nxb6 $2 ({Don't play} 51. Nxb4 $6 axb4 52. Rxb4 Kc7 $16) (51. Kd4 $18) 51... Rxb3+ $11 52. Ke4 Kc7 53. Nd5+ Kd6 54. Rxa5 {[%emt 0:00:53] White is more active.} Nc6 $2 (54... Nxd5 $16 {is tougher.} 55. Rxd5+ Kc6) 55. c5+ Kd7 56. Rb5 Ra3 57. Rb7+ Kd8 58. Nb6 Ne7 59. Rb8+ $2 (59. Ra7 $18) 59... Kc7 $16 60. Re8 Nc6 61. Rg8 Rg3 62. Nd5+ Kd7 $2 (62... Kb7 $16) 63. Nxf6+ $1 $18 Ke7 64. Nh5 (64. Kd5 $142) 64... Rg4+ 65. Ke3 $2 (65. Nf4 $18) 65... Rxa4 $2 ({Black should try} 65... Kf7 $14 66. Ra8 Rc4) 66. Rxg7+ Kf8 {[%emt 0:00:09] [#]} 67. f6 $2 ({Only move:} 67. Rd7 $1 $18) 67... Rc4 $2 (67... Nd4 $14) 68. Nf4 {[%emt 0:00:30] White mates.} Nd8 69. Ng6+ Ke8 70. Re7# {[%emt 0:00:04] Weighted Error Value: White=0.34/Black=0.27 (precise)} 1-0

[Event "26th Hit Open-A 2022"]
[Site "Nova Gorica"]
[Date "2022.09.20"]
[Round "7.20"]
[White "Hercog, Nusa"]
[Black "Chkhaidze, Nikoloz"]
[Result "0-1"]
[ECO "E81"]
[WhiteElo "2019"]
[BlackElo "2239"]
[Annotator "TA"]
[PlyCount "66"]
[EventDate "2022.09.16"]
[EventType "swiss"]
[EventCountry "SLO"]
[SourceTitle "playchess.com"]
[Source "ChessBase"]
[SourceQuality "1"]
[TimeControl "5400+30"]

1. d4 Nf6 2. c4 g6 3. f3 Bg7 4. e4 d6 5. Nc3 O-O 6. Be3 c5 7. Nge2 Nc6 8. d5 Ne5 9. Ng3 e6 10. Qd2 exd5 11. cxd5 h5 {[%emt 0:02:49][%cal Bh7h5,Bh5h4,Bh4h3][%mdl 32] E81: King's Indian: Sämisch: 6th move deviations (including 6 Be3 c6).} 12. Be2 h4 13. Nf1 h3 {[%emt 0:02:10] The position is equal.} 14. g4 b5 15. Ng3 b4 16. Nd1 {[%emt 0:02:02] [#]} Re8 $146 ({Predecessor:} 16... Ba6 17. O-O Bxe2 18. Qxe2 Re8 19. Nf2 {1-0 (19) Cervantes Landeiro,T (2311)-Segarra,R (2321) Chess.com INT 2020}) 17. Nf2 c4 (17... Ba6 {keeps more tension.} 18. g5 Nh7 19. f4 Nc4) 18. Qxb4 $2 {[%emt 0:13:38][%mdl 8192] [#] This move loses the game for White.} (18. Nxh3 c3 19. bxc3 bxc3 $15) (18. O-O $11 {and White stays safe.}) 18... Nxd5 $1 $19 19. exd5 {[%emt 0:03:06] [#] And now Nge4 would win.} Nxf3+ $1 {[%emt 0:00:09][%mdl 576] Decoy} 20. Bxf3 Rxe3+ 21. Be2 c3 22. O-O cxb2 23. Rab1 Qe7 {[%emt 0:11:03][%cal Oe3g3] ...Rxg3+! is the strong threat.} 24. Bd3 {[%emt 0:08:10] [#]} ({Much weaker is} 24. Rxb2 Bc3 25. Qb5 Qe5 $19) 24... Qe5 {[%emt 0:06:08] Prevents Qf4. ( -> ...Rxg3+)} 25. Ngh1 {[%emt 0:10:50] [#]} (25. Nge4 Qf4 26. Rxb2 (26. Qxd6 $2 Be5 $19)) 25... Rxd3 $1 {[%emt 0:07:15][%mdl 576] Decoy} 26. Nxd3 Qxd5 27. Nf4 {[%emt 0:00:28] [#] Prevents Qg2+.} Bd4+ $1 ({Not} 27... Qd4+ 28. Qxd4 Bxd4+ 29. Nf2 $11) 28. Nf2 Qe4 29. Qe1 (29. Qxb2 $19 Qxf4 30. Qb3 Qxg4+ 31. Qg3) 29... Qxf4 {[%emt 0:00:33] Black mates.} 30. Qe8+ Kg7 31. Qc6 {[%emt 0:00:39] [#]} Bxg4 $1 32. Qxa8 (32. Qa4 Bxf2+) 32... Bf3 {[%emt 0:00:03][%csl Gf3][%cal Rf4g4] A strong pair of Bishops.} 33. Qb8 Qg4# {[%emt 0:00:11] Weighted Error Value: White=0.77/Black=0.13 (very precise)} 0-1

[Event "26th Hit Open-A 2022"]
[Site "Nova Gorica"]
[Date "2022.09.20"]
[Round "7.21"]
[White "Beliavsky, Alexander G"]
[Black "Labrovic, Jakov"]
[Result "1-0"]
[ECO "E15"]
[WhiteElo "2505"]
[BlackElo "1882"]
[Annotator "TA"]
[PlyCount "51"]
[EventDate "2022.09.16"]
[EventType "swiss"]
[EventCountry "SLO"]
[SourceTitle "playchess.com"]
[Source "ChessBase"]
[SourceQuality "1"]
[TimeControl "5400+30"]

1. d4 e6 2. c4 Nf6 3. Nf3 b6 4. g3 Ba6 5. Qa4 Be7 {[%emt 0:03:32] CPLX 2.2 9 (Ba6-b7) (=9)} 6. Nc3 {[%emt 0:01:09] CPLX 2.2 10 (Bf1-g2) (=10). E15: Queen's Indian: 4 g3 sidelines, 4 g3 Ba6 and 4 g3 Bb7 early deviations.} O-O {[%emt 0:01:33] CPLX 2.2 15 (Ba6-b7) (=12)} 7. Bg2 {[%emt 0:07:36] CPLX 2.1 27 (e2-e4) (=19)} d5 {[%emt 0:10:33] CPLX 2.2 28 (Ba6-b7) (=17)} 8. cxd5 {[%emt 0:00:16] CPLX 2.4. White is slightly better.} exd5 {[%emt 0:00:15] RECAPT 2 (Nf6xd5) (=14)} 9. O-O {[%emt 0:02:06] [#] CPLX 2.3} Qd7 $146 {[%emt 0:05:50] CPLX 2.2 22 (Ba6-b7) (=15)} ({Predecessor:} 9... Bb7 10. Bf4 Nh5 11. Be3 Qe8 12. Qxe8 Rxe8 13. Ne5 c6 14. Rac1 Bd6 15. Nd3 Na6 {1-0 (59) Zakharchenko,A (2179)-Yakimenko,A (2199) Sunny Beach 2013}) 10. Qc2 {[%emt 0:03:24] CPLX 2.5 39 (Qa4xd7) (=15)} c6 {[%emt 0:11:09] CPLX 2.3 49 (Ba6-b7) (=21)} (10... Bb7 $14) 11. Re1 $16 {[%emt 0:08:22] BESTDEEP} Bb7 {[%emt 0:07:19] CPLX 2.2 5 (Be7-b4) (=19)} 12. Bg5 {[%emt 0:06:42] CPLX 2.2 10 (Nf3-e5) (=12)} Na6 {[%emt 0:06:09] CPLX 2.4} 13. Ne5 {[%emt 0:04:32] CPLX 2.4} Qd8 {[%emt 0:13:32] BESTDEEP} 14. Rad1 {[%emt 0:02:13] CPLX 3.0 22 (e2-e4) (=12)} Rc8 {[%emt 0:01:30] CPLX 3.0 58 (h7-h6) (=19)} (14... h6 $14 15. Bf4 Re8) 15. e4 {[%emt 0:02:37] White is much more active. BESTDEEP} h6 {[%emt 0:04:10] CPLX 2.7 0 (Nf6xe4) (=17)} 16. Bxf6 {[%emt 0:00:37] CPLX 3.0} Bxf6 {[%emt 0:00:15] RECAPT} 17. exd5 {[%emt 0:00:55] CPLX 2.5} cxd5 {[%emt 0:03:07] RECAPT} 18. Qf5 {[%emt 0:00:59] CPLX 3.1 48 (Qc2-a4) (=12)} (18. Qa4 $142 $1) 18... Rc7 {[%emt 0:02:44] [#] CPLX 3.4 85 (Bf6xe5) (=20)} (18... Bxe5 $16 {was called for.} 19. Rxe5 Nc7) 19. Ng4 $1 $18 {[%emt 0:01:33][%cal Rc3d5] Pair of Knights! CPLX 3.3} Bg5 {[%emt 0:08:11] [#] BESTDEEP} 20. h4 $1 {[%emt 0:04:26] BESTDEEP} ({Much less strong is} 20. Bxd5 $6 Bc8 21. Qf3 Rxc3 22. bxc3 Bxg4 23. Bxf7+ Rxf7 $14) 20... Bc8 {[%emt 0:00:34] CPLX 3.8 37 (Qd8-c8) (=19)} 21. Qf3 {[%emt 0:00:06] EASY} Bxg4 {[%emt 0:00:35] CPLX 3.2 5 (Rc7xc3) (=19)} 22. Qxg4 {[%emt 0:00:04] RECAPT} Bf6 {[%emt 0:01:56] CPLX 2.7 74 (Rc7xc3) (=22)} 23. Nxd5 {[%emt 0:00:25] EASY} Rc4 $2 {[%emt 0:03:18] CPLX 3.2 204 (Rc7-c6) (=31)} (23... Rc6 24. Ne7+ Bxe7) 24. Qf5 {[%emt 0:03:30] Hoping for Be4. BESTDEEP. White is clearly winning.} Bxd4 {[%emt 0:07:14] EVAL 317 (Rc4-c6) (=46)} (24... Rc6 $142 25. h5 Rd6) 25. b3 {[%emt 0:00:20] EVAL} g6 {[%emt 0:01:22] EVAL 99 (Bd4xf2) (=48)} 26. Qf4 {[%emt 0:00:32] Weighted Error Value: White=0.09 (flawless) /Black=0.42} ({Not} 26. bxc4 gxf5 27. Rxd4 Kh8 $14) 1-0

[Event "26th Hit Open-A 2022"]
[Site "Nova Gorica"]
[Date "2022.09.20"]
[Round "7.22"]
[White "Mostbauer, Florian"]
[Black "Teo, Hong Ming"]
[Result "1-0"]
[ECO "D33"]
[WhiteElo "2295"]
[BlackElo "2013"]
[Annotator "TA"]
[PlyCount "107"]
[EventDate "2022.09.16"]
[EventType "swiss"]
[EventCountry "SLO"]
[SourceTitle "playchess.com"]
[Source "ChessBase"]
[SourceQuality "1"]
[TimeControl "5400+30"]

1. Nf3 d5 2. d4 c5 3. c4 e6 4. cxd5 exd5 5. Nc3 Nc6 6. g3 Nf6 7. Bg2 cxd4 {[%emt 0:00:13] The modern move.} 8. Nxd4 Bc5 9. Nb3 Bb6 {[%emt 0:00:04] D33: Tarrasch Defence: 6 g3 sidelines.} 10. Nxd5 {[%emt 0:14:10] Bg5 is the strong threat.} Be6 11. e4 Bg4 $1 {[%emt 0:01:26] The position is equal.} 12. Qd2 Nxd5 13. Qxd5 {[%emt 0:01:27] [#]} Qf6 $146 {[%emt 0:11:10][%csl Gb6][%cal Rf6f2] [#]} ({Predecessor:} 13... Qxd5 14. exd5 Nb4 15. O-O Nc2 16. Rb1 Be2 17. Bf4 Bxf1 18. Rxf1 O-O 19. d6 Rad8 20. Bxb7 {1-0 (42) Getman,T (2148)-Kovalevskaya,E (2364) Obninsk 2022}) 14. O-O Be2 15. Bg5 Qxb2 16. Rfb1 {[%emt 0:02:06] The board is on fire.} Qa3 17. Re1 $36 {[%emt 0:04:09][%mdl 2048] White fights for an advantage.} Bg4 18. Be3 Be6 (18... Bxe3 $11 19. Rxe3 O-O) 19. Bc5 $14 Qb2 20. Qg5 Qe5 21. Qxe5 Nxe5 22. Bxb6 axb6 23. Nd4 Ke7 24. Reb1 (24. Nf5+ $16 Kf6 25. f4) 24... Nd7 25. a4 Rhc8 26. Bf1 Bc4 $2 {[%emt 0:05:56] [#]} (26... Rc3 $11 {and Black is okay.}) 27. Nf5+ $1 $18 Ke6 (27... Kf8 {is a better defense.} 28. Nd6 Bxf1) 28. Nxg7+ (28. Rd1 $142 Bxf1 29. Rd6+ (29. Rxf1 g6 $11) (29. Kxf1 Nc5 $16) (29. Nxg7+ Ke7 $16) 29... Ke5 30. Re1 (30. Kxf1 Nc5 $16)) 28... Kf6 29. Nh5+ Ke7 30. Nf4 Bxf1 31. Kxf1 Rc4 32. Nd5+ Kf8 33. Rxb6 ({But not} 33. Nxb6 $6 Nxb6 34. Rxb6 Rxe4 $16) 33... Rxe4 34. Rxb7 Nc5 35. Rc7 Rexa4 36. Rxa4 Nxa4 {[%emt 0:00:03][%mdl 4096] Endgame KRN-KRN} 37. h4 Ra5 38. Nf6 h6 39. Rc8+ ({Better is} 39. g4 $18) 39... Kg7 $16 40. Ne8+ Kf8 41. Nd6+ Ke7 42. Ne4 {[%emt 0:00:30] White is more active.} f5 43. Nd2 Rd5 ({Black should play} 43... Nc5) 44. Ke2 Kf7 45. Rc6 Re5+ (45... Kg7 $16 {was called for.} 46. h5 Rc5 47. Rg6+ Kh7) 46. Kf3 $18 Kg7 47. Nf1 {[%emt 0:00:55] Strongly threatening Kf4.} Nb2 (47... Rc5 $142 48. Rd6 Nb2) 48. Rc3 Na4 49. Rc7+ Kg6 50. Rc6+ Kg7 51. Kf4 Re4+ (51... Re2 $142 52. f3 Nb2 53. Kxf5 Re7) 52. Kxf5 {[%emt 0:00:22] White is clearly winning.} Re1 53. Rc7+ Kg8 54. Ne3 {[%emt 0:00:14] Weighted Error Value: White=0.12 (very precise) /Black=0.28 (precise)} 1-0

[Event "26th Hit Open-A 2022"]
[Site "Nova Gorica"]
[Date "2022.09.20"]
[Round "7.23"]
[White "Schloffer, Jasmin-Denise"]
[Black "Acimovic, Vasja"]
[Result "0-1"]
[ECO "D36"]
[WhiteElo "2127"]
[BlackElo "2237"]
[Annotator "TA"]
[PlyCount "86"]
[EventDate "2022.09.16"]
[EventType "swiss"]
[EventCountry "SLO"]
[SourceTitle "playchess.com"]
[Source "ChessBase"]
[SourceQuality "1"]
[TimeControl "5400+30"]

1. d4 Nf6 2. c4 e6 3. Nc3 d5 4. cxd5 exd5 5. Bg5 Be7 6. e3 c6 7. Qc2 O-O 8. Bd3 Nbd7 9. Nge2 Re8 10. O-O Nf8 11. f3 g6 $1 {[%emt 0:00:56][%mdl 4] now scores much better than the old 11...Be6.} 12. Bh4 Ne6 {[%emt 0:00:30] D36: Queen's Gambit Declined: Exchange Variation: Main line (5 Bg5 c6 6 Qc2).} 13. Rad1 b5 14. Bf2 Bb7 {[%emt 0:00:18] The position is equal.} 15. Kh1 Rc8 16. Qd2 b4 17. Na4 Qa5 18. b3 {[%emt 0:00:29] [#]} Nd7 $146 ({Predecessor:} 18... c5 19. dxc5 Nxc5 20. Nxc5 Bxc5 21. Rfe1 Qb6 22. Nd4 Bxd4 23. exd4 a5 24. Qf4 Ba6 25. Bxa6 Qxa6 {0-1 (51) McMahon,D (2120)-Campora,D (2417) Seville 2019}) 19. e4 Nb6 20. Nxb6 Qxb6 21. e5 c5 22. f4 cxd4 $2 (22... c4 $1 $11 {and Black has nothing to worry.} 23. bxc4 dxc4) 23. f5 $18 gxf5 24. Bxf5 {[%emt 0:01:05] Strongly threatening Qh6.} Bg5 {[%emt 0:00:52] Inhibits Qh6.} 25. Qb2 Ba6 26. Nxd4 Qc7 27. Rfe1 Qe7 (27... Qc3 $142 28. Qb1 Kh8 29. Bxh7 Qc7) 28. Qb1 Rc3 29. Bxh7+ Kh8 30. Nf5 Qf8 31. Nd6 Re7 32. Rxd5 Rec7 33. Rdd1 {[%emt 0:01:21] Against Rc1} (33. Qe4 $142) 33... Qh6 34. Bf5 ({But not} 34. h4 $2 Bxh4 35. Nf5 Rh3+ $3 36. gxh3 Bb7+ 37. Re4 (37. Kh2 $2 Qf4+ 38. Bg3 Bxg3+ 39. Nxg3 Qf2#) 37... Qxh7 $19) 34... Kg8 $2 (34... Bd2) 35. Ne4 {[%emt 0:05:53] And now Nf6+ would win.} Bb7 36. Nxc3 bxc3 {[%emt 0:01:08] [#]} 37. Qc2 $1 (37. Bxa7 Nf4 38. Rg1 Ne2 $17) 37... Bd2 {[%emt 0:00:41] [#]} 38. Re4 $2 Qh5 (38... Bxe4 $14 39. Bxe4 (39. Qxe4 $2 c2 $19) 39... Qf4) 39. Rg4+ Kf8 40. Qd3 {[%emt 0:01:50][%cal Of2c5] Bc5+! would kill now.} Bxg2+ 41. Kg1 {[%emt 0:01:41] White wants to mate with Bc5+.} Bg5 42. Qd6+ $4 (42. Bxe6 $18 {and all is fine. Qd6+ is the strong threat.} c2 43. Re1 (43. Qd6+ Be7 $17)) 42... Be7 $19 {[%emt 0:00:30][%mdl 1024] Black has strong compensation. The board is on fire.} 43. Qb4 $2 (43. Bxe6 Bxd6 44. exd6) 43... Bxb4 {[%emt 0:00:09][%mdl 64] Pin. Quite a comeback for Black.  Weighted Error Value: White=0.67/Black=0.39} 0-1

[Event "26th Hit Open-A 2022"]
[Site "Nova Gorica"]
[Date "2022.09.20"]
[Round "7.24"]
[White "Krivenko, Dion"]
[Black "Garsky, Vladyslav"]
[Result "0-1"]
[ECO "C00"]
[WhiteElo "2113"]
[BlackElo "2229"]
[Annotator "TA"]
[PlyCount "120"]
[EventDate "2022.09.16"]
[EventType "swiss"]
[EventCountry "SLO"]
[SourceTitle "playchess.com"]
[Source "ChessBase"]
[SourceQuality "1"]
[TimeControl "5400+30"]

1. e4 e6 2. d3 d5 3. Nd2 c5 4. Ngf3 Nf6 5. g3 Nc6 6. Bg2 Be7 7. O-O b6 8. Re1 Bb7 9. a3 O-O {[%emt 0:01:34] C00: French: Unusual White 2nd moves.} 10. e5 Nd7 11. h4 Qc7 {[%emt 0:01:45][%cal Rc6e5] Black is slightly better.} 12. Qe2 Rac8 13. c3 {[%emt 0:03:46] [#]} Na5 $146 ({Predecessor:} 13... b5 14. Nf1 a5 15. Bf4 b4 16. Ne3 d4 17. Nd5 exd5 18. e6 Bd6 19. Bxd6 Qxd6 20. exd7 Qxd7 21. cxd4 cxd4 {1-0 (60) Charon Mustelier,M (2149)-Lavigne Lopez,R (2155) Santiago de Cuba 2018}) 14. h5 h6 15. Rb1 b5 16. Nf1 b4 17. N1h2 Rfe8 18. Ng4 {[%emt 0:06:58][%cal Oc1h6] Hoping for Bxh6!} Bf8 19. Bf4 Qd8 (19... bxa3 $11 20. bxa3 Rb8) 20. Qd2 $14 Nb3 21. Qd1 Na5 22. Ngh2 (22. Qc1 $14) 22... Nc6 (22... bxa3 $15 23. bxa3 c4) 23. g4 f6 (23... a5 $11) 24. d4 (24. exf6 $1 $14 {stays ahead.} Nxf6 25. axb4) 24... Qe7 (24... cxd4 $17 {Strongly threatening ...fxe5.} 25. cxd4 fxe5 26. Nxe5 Ncxe5 27. dxe5 Bc5) 25. Nh4 (25. axb4 $142 fxe5 26. dxe5) 25... cxd4 26. Ng6 Qf7 27. cxd4 (27. exf6 $11 dxc3 28. bxc3) 27... fxe5 $15 28. dxe5 Bc5 29. Nf3 (29. Be3 $11) 29... Nf8 $17 (29... bxa3 $6 30. bxa3 Nf8 31. Be3 Bxa3 32. Qd3 $15) 30. Nfh4 Nxg6 (30... bxa3 31. bxa3 Ba6 32. Bf1 Bxf1 33. Rxf1 $15) 31. Nxg6 {[%emt 0:00:03] [#]} Ne7 $1 (31... bxa3 $6 32. bxa3 Ba8 33. Be3 $11) 32. Nxe7+ Rxe7 (32... Bxe7 33. Be3 $15) 33. Bg3 bxa3 34. bxa3 Ba6 (34... Rec7 $142 35. a4 Bb6) 35. Rb3 Rb7 36. Rf3 Qe7 {[%emt 0:00:16] Black is more active.} 37. Qc2 Bc4 (37... Rbc7 $17 {[%cal Oc5b4] ...Bb4! is the strong threat.} 38. Qg6 Bb5) 38. Qg6 $15 Qe8 39. Qc2 (39. Bf1 $15) 39... Rcb8 40. Bf1 Rb2 41. Qc1 (41. Qd1 $17 {keeps fighting.}) 41... R2b3 42. Rxb3 Rxb3 43. Bf4 (43. Kg2 $17 {is a better defense.} Bxa3 44. Qc2) 43... Bxa3 $19 44. Qc2 Bb4 45. Re3 (45. Bxc4 $2 Rc3 46. Bb5 Rxc2 $19) 45... Rxe3 46. Bxe3 Bxf1 47. Kxf1 {[%emt 0:00:02][%mdl 4096] Endgame KQB-KQB} a5 48. f4 Qb5+ ({Better is} 48... a4 {Threatens to win with ...Qb5+.} 49. Kg2 Qa8) 49. Kf2 $17 Qc4 {[%emt 0:00:11] Against Qc8+} 50. Qg6 d4 51. Bd2 d3 $2 ({And not} 51... Bxd2 52. Qe8+ Kh7 53. Qg6+ Kh8 54. Qe8+ Kh7 55. Qg6+ Kh8 56. Qe8+ Kh7 $11) (51... Qc8 $19 52. Bxb4 axb4) 52. f5 $2 {[%emt 0:01:01] [#]} Bc5+ $2 ({Inferior is} 52... Bxd2 53. Qe8+ Kh7 54. Qg6+ Kh8 55. Qe8+ Kh7 56. Qg6+ Kh8 57. Qe8+ Kh7 $11) ({Black should play} 52... exf5 $1 $19 53. Bxb4 axb4 54. Qe8+ Kh7 55. Qg6+ Kh8 56. Qxf5 Qd4+ 57. Ke1 b3 58. Qf8+ Kh7 59. Qf5+ Kg8 60. Qe6+ Kf8 61. Qc8+ Kf7 62. Qb7+ Ke6 63. Qxb3+ Kxe5 64. Qb5+ Kf4 65. Qb8+ Kf3 66. Qb7+ Qe4+ 67. Qxe4+ Kxe4 68. Kd2 Kf4 69. Kxd3 Kg5 70. Ke2 Kxg4 71. Ke3 Kxh5 72. Kf2 g5 73. Kf3 g4+ 74. Kf4 Kh4 75. Kf5 g3 76. Ke5 h5 77. Ke6 Kg4 78. Kf6 h4 79. Kf7 h3 80. Ke7 g2 81. Kf6 g1=Q 82. Ke6 h2 83. Kf6 h1=Q 84. Kf7 Qa7+ 85. Ke6 Qe4+ 86. Kf6 Qf5#) 53. Kf1 $2 (53. Kg3 $11 exf5 54. gxf5) 53... Qd5 $2 (53... Qb3 $19 {( -> ...Qd1+)} 54. Qe8+ Bf8) 54. Qe8+ $11 Bf8 {[%emt 0:00:41] And now ...Qf3+ would win. Really sharp!} 55. Qxe6+ $2 (55. Kf2 $11) 55... Qxe6 $19 56. fxe6 $11 {[%emt 0:00:01] KB-KB} Bb4 57. Ke1 Kf8 {[%emt 0:00:17] Black mates.} 58. Bxb4+ axb4 59. Kd2 Ke7 60. Kxd3 Kxe6 {[%emt 0:00:02] Weighted Error Value: White=0.57/Black=0.38} 0-1